 Dungeon Crawl Stone Soup version 0.29.1-13-g9f3cf754e1 (webtiles) character file.

Game seed: 2975090631892261316

2188 raph the Geomancer (level 9, -12/45 HPs)
             Began as a Deep Elf Earth Elementalist on Feb 9, 2023.
             Was a Follower of Hepliaklqana.
             Mangled by a komodo dragon (22 damage)
             ... on level 8 of the Dungeon.
             The game lasted 00:14:04 (9085 turns).

raph the Geomancer (Deep Elf Earth Elementalist)    Turns: 9085, Time: 00:14:05

Health: -12/45     AC:  6    Str:  5    XL:     9   Next: 12%
Magic:  21/21      EV: 18    Int: 25    God:    Hepliaklqana [*.....]
Gold:   468        SH:  4    Dex: 15    Spells: 6/22 levels left

rFire   . . .      SeeInvis .   a - staff of earth
rCold   + . .      Faith    .   A - +0 buckler
rNeg    . . .      Spirit   .   q - +2 robe {rC+}
rPois   .          Reflect  .   (no helmet)
rElec   .          Harm     .   n - scarf {repulsion}
rCorr   .          Rampage  .   k - +0 pair of gloves
Will    .....                   h - +0 pair of boots
Stlth   ++........              (no amulet)
HPRegen 0.15/turn               j - +4 ring of evasion
MPRegen 0.17/turn               (no ring)

@: repel missiles
A: reduced essence
a: Renounce Religion, Recall Ancestor, Ancestor Identity


You were on level 8 of the Dungeon.
You worshipped Hepliaklqana.
Hepliaklqana was aware of your devotion.
You visited 2 branches of the dungeon, and saw 9 of its levels.
You also visited: Sewer.

You collected 468 gold pieces.

Inventory:

Hand Weapons
 b - a +1 dagger of venom
Missiles
 l - 2 throwing nets
 v - 19 poisoned darts
Armour
 h - a +0 pair of boots (worn)
 k - a +0 pair of gloves (worn)
 n - a scarf of repulsion (worn)
 q - a +2 robe of cold resistance (worn)
 A - a +0 buckler (worn)
Magical Staves
 a - a staff of earth (weapon)
Jewellery
 j - a +4 ring of evasion (left hand)
 o - an amulet of regeneration
 t - a +6 ring of intelligence
Wands
 s - a wand of mindburst (37)
Scrolls
 p - 3 scrolls of amnesia
 r - 5 scrolls of teleportation
 x - a scroll of summoning {unknown}
 y - 4 scrolls of blinking
Potions
 c - a potion of heal wounds {unknown}
 d - 6 potions of curing
 e - 3 potions of cancellation {unknown}
 f - a potion of magic
 g - a potion of mutation
 i - 2 potions of haste
 m - 2 potions of attraction
 u - a potion of degeneration {unknown}
 w - a potion of lignification {unknown}
 z - a potion of ambrosia {unknown}
 B - 3 potions of might {unknown}


   Skills:
 - Level 3.0 Fighting
 - Level 3.6 Staves
 - Level 5.3 Dodging
 - Level 2.4 Stealth
 + Level 0.4 Shields
 + Level 7.1 Spellcasting
 - Level 2.8 Hexes
 - Level 4.2 Transmutations
 - Level 8.6 Earth Magic
 + Level 0.0 Poison Magic


You had 6 spell levels left.
You knew the following spells:

 Your Spells              Type           Power      Damage    Failure   Level
a - Sandblast             Erth           100%       2d20      1%          1
b - Passwall              Tmut/Erth      48%        N/A       1%          2
c - Stone Arrow           Conj/Erth      90%        3d12      4%          3
d - Petrify               Tmut/Erth      58%        N/A       6%          4
e - Ensorcelled Hibernat  Hex/Ice        32%        N/A       8%          2
f - Olgreb's Toxic Radia  Pois           8%         N/A       65%         4

Your spell library contained the following spells:

 Spells                   Type           Power      Damage    Failure   Level
 Sting                    Tmut/Pois      76%        1d6       3%          1
 Spider Form              Tmut/Pois      19%        N/A       11%         3
 Poisonous Vapours        Pois/Air       16%        N/A       14%         2
 Anguish                  Hex/Necr       8%         N/A       45%         4
 Summon Ice Beast         Ice/Summ       8%         N/A       65%         4
 Summon Mana Viper        Hex/Summ       16%        N/A       80%         5
 Monstrous Menagerie      Summ           4%         N/A       100%        7


Dungeon Overview and Level Annotations

Branches:
Dungeon (8/15)             Temple (1/1) D:5            Lair (0/5) D:8
  Sewer (visited)

Altars:
Ashenzari
Cheibriados
Dithmenos
Elyvilon
Fedhas
Gozag
Hepliaklqana
Makhleb
Nemelex Xobeh
Qazlal
Ru
Trog
Uskayaw
Vehumet
Wu Jian
Yredelemnul
Zin
The Shining One

Shops:
D:8 *

Annotations:
D:4 3 runed translucent doors, Frank's ghost, amateur OpFi
D:8 Pikel


Message History

You hit the orc.
The orc is severely wounded.
The orc hits you but does no damage.
You hit the orc but do no damage.
The orc is severely wounded.
The orc completely misses you.
You hit the orc.
You kill the orc!
No target in view!
No target in view!
No target in view!
No target in view!
You start resting.
Ancestor HP restored.
This spell is extremely dangerous to cast!
Memorise Olgreb's Toxic Radiance, consuming 4 spell levels and leaving 6?
You start memorising the spell.
You continue memorising. x4
You finish memorising.
Spell assigned to 'f'.
You swap places.
Things that are here:
a +0 whip; a +0 leather armour; a +0 short sword You start resting.
HP restored.
There is a stone staircase leading down here.
You climb downwards.
You hear the roar of battle.
There is an entrance to a bailey on this level.
Hurry and find it before the portal closes forever!
Level annotation: Pikel You hear the quick creaking of a very distant portcullis.
You block the bullfrog's attack. The komodo dragon bites you!
The orc hits you but does no damage. The steam dragon breathes steam at you.
The ball of steam hits the orc!!
The orc dies!
The ball of steam hits you!!
* * * LOW HITPOINT WARNING * * *
The ball of steam hits the orc!!
The orc dies!
The komodo dragon bites you!!
You die...

,,,,,.....,*##.#.#...# *,*
,****P....g##..#.#..§# *,*
,*,>#..P...o.......<§# *,*
,+,,#.............[#o# *,*
,**##...PP......o).#.# *,*
,,,P.P.P......##o#.#'####* *,*
,,,[P.P.P.....##.D.......# *,*
,,,.PP......oo##§R.......#****,**
,,,..P........##@l........,,,,,,,
,,,...........5§F#'#+#####****,*,
*,,*####....#.#§.#,#,* *,*,
*,,*#......#..§#.#,*,* *,*,
*,,*#........∩...#+#+##***** *,*,
*,,,+......#..$#.......,,,,***,*,
,,,*#...##..#.#.K......,,,,+,,,*,
,,,*#...*#.............,,,,******
,,,*#..,*###.F#.+......,,,,*


You could see the friendly Chakide the ancestor, a komodo dragon, Pikel, a steam
dragon (catching breath), a lemure, a bullfrog (distracted), an orc priest and
an orc.

Vanquished Creatures
  Sigmund (D:5)
  A water moccasin (D:5)
  3 ice beasts
  2 ogres
  3 lemures (D:8)
  A phantom (D:4)
  A kobold brigand (D:6)
  4 bullfrogs
  A scorpion (D:6)
  A gnoll sergeant (D:7)
  3 wights (D:7)
  2 hounds
  A jelly (D:6)
  4 orc priests
  5 iguanas
  Ijyb (D:5)
  3 orc wizards (D:6)
  5 gnolls (D:7)
  13 adders
  A river rat (D:6)
  A shadow imp (D:6)
  4 worms
  19 orcs
  14 ball pythons
  9 bats
  14 endoplasms
  13 giant cockroaches
  8 goblins
  9 hobgoblins
  3 jackals (D:1)
  11 quokkas
  14 frilled lizards
  10 kobolds
  4 rats
189 creatures vanquished.

Vanquished Creatures (collateral kills)
  An orc wizard (D:6)
  An orc (D:7)
  An endoplasm (Sewer)
  A giant cockroach (Sewer)
  A quokka (Sewer)
5 creatures vanquished.

Vanquished Creatures (others)
  2 ancestors (D:8)
  A gnoll (D:8)
  2 orcs (D:8)
  6 fungi
  4 plants
15 creatures vanquished.

Grand Total: 209 creatures vanquished

Notes
Turn   | Place    | Note
-------+----------+-------------------------------------------
     0 | D:1      | raph the Deep Elf Earth Elementalist began the quest for
                  | the Orb.
     0 | D:1      | Reached XP level 1. HP: 10/10 MP: 6/6
   216 | D:1      | Reached XP level 2. HP: 15/15 MP: 6/8
   575 | D:1      | Reached skill level 4 in Earth Magic
   887 | D:2      | Reached XP level 3. HP: 19/19 MP: 8/10
   890 | D:2      | Learned a level 2 spell: Passwall
   894 | D:2      | Learned a level 3 spell: Stone Arrow
  1639 | D:2      | Found a faded altar of an unknown god.
  2276 | D:3      | Reached XP level 4. HP: 24/24 MP: 10/12
  2369 | D:3      | Found a broken altar of Ashenzari.
  2791 | D:3      | Found a burning altar of Makhleb.
  2796 | D:3      | Found a glowing silver altar of Zin.
  2796 | D:3      | Noticed a green death
  2796 | D:3      | Noticed an angel
  2922 | D:4      | Reached skill level 5 in Earth Magic
  2988 | D:4      | Learned a level 4 spell: Petrify
  3073 | D:4      | Found a blossoming altar of Fedhas.
  3183 | D:4      | Reached XP level 5. HP: 27/28 MP: 2/14
  3284 | D:4      | Reached skill level 5 in Spellcasting
  3284 | D:4      | Reached skill level 6 in Earth Magic
  3592 | D:4      | Found a runed translucent gate.
  3592 | D:4      | Found a runed translucent gate.
  3592 | D:4      | Found a runed translucent gate.
  3595 | D:4      | Noticed Frank's ghost (amateur OpFi)
  3790 | D:4      | Found an ornate altar of the Wu Jian Council.
  3810 | D:4      | Noticed a phantom
  3811 | D:4      | Killed a phantom
  3812 | D:4      | Reached XP level 6. HP: 33/33 MP: 14/16
  4309 | D:4      | Reached skill level 1 in Staves
  4318 | D:4      | Reached skill level 1 in Fighting
  4657 | D:5      | Entered Level 5 of the Dungeon
  4774 | D:5      | Reached XP level 7. HP: 38/38 MP: 15/17
  4915 | D:5      | Reached skill level 7 in Earth Magic
  5078 | D:5      | Noticed Ijyb
  5098 | D:5      | Killed Ijyb
  5202 | D:5      | Found a staircase to the Ecumenical Temple.
  5202 | D:5      | Noticed Sigmund
  5219 | D:5      | Killed Sigmund
  5220 | D:5      | Reached XP level 8. HP: 44/44 MP: 6/19
  5306 | Temple   | Entered the Ecumenical Temple
  5527 | Temple   | Became a worshipper of Hepliaklqana the Forgotten
  6330 | D:5      | Learned a level 2 spell: Ensorcelled Hibernation
  6638 | D:6      | Reached skill level 1 in Hexes
  6709 | D:6      | Found a glowing drain.
  6716 | Sewer    | Entered a sewer
  7124 | Sewer    | Reached * piety under Hepliaklqana
  7293 | Sewer    | Reached skill level 8 in Earth Magic
  7583 | D:6      | Reached skill level 5 in Dodging
  7997 | D:7      | Reached XP level 9. HP: 44/44 MP: 11/21
  8258 | D:7      | Found a sacrificial altar of Ru.
  8668 | D:8      | Found Soacec's Overcharged Wands.
  8673 | D:8      | Noticed Pikel
  8924 | D:8      | Noticed a komodo dragon
  9065 | D:7      | Learned a level 4 spell: Olgreb's Toxic Radiance
  9085 | D:8      | Mangled by a komodo dragon

Illustrated notes

Levels and vault maps discovered:
D:1:      minmay_arrival_up_and_down, layout_basic
D:2:      layout_basic, hellmonk_ecumenical_altar_pennies_from_heaven
D:3:      layout_rooms, grunt_temple_overflow_order_and_chaos_2,
          mainiacjoe_overflow_chevrons, grunt_ministairs_11, kennysheep_donut
D:4:      layout_basic, mainiacjoe_overflow_paths, mainiacjoe_overflow_catwalk,
          gammafunk_ghost_nasty_kobolds, dreamdust_wishing_well
D:5:      layout_layer_cave, minmay_temple_entry_large_hall,
          hangedman_decor_peaks_small, uniq_ijyb, uniq_sigmund
D:6:      layout_gridville, gup_sewer_entry_bubbles
D:7:      layout_rooms, kennysheep_mini_moat
D:8:      layout_basic, marbit_many_paths, mainiacjoe_overflow_boulevard,
          grunt_lair_entry_orc_guard_hut, enter_bailey_3,
          nicolae_shop_overcharged_wands, uniq_gastronok, uniq_pikel
Temple:   hc_temple_tempest_star

Skill      XL: |  1  2  3  4  5  6  7  8  9 |
---------------+----------------------------+-----
Earth Magic    | 4 5 6 7 8 |  8.6
Spellcasting   | 4 5 6 7 |  7.1
Staves         | 1 2 3 |  3.6
Dodging        | 3 4 5 |  5.3
Fighting       | 1 2 3 |  3.0
Transmutations | 2 3 4 |  4.2
Hexes          | 2 |  2.8
Stealth        | |  2.4
Shields        | |  0.4

Action                   |  1- 3 |  4- 6 |  7- 9 || total
-------------------------+-------+-------+-------++-------
Melee: Staff             |     4 |    12 |    17 ||    33
 Cast: Sandblast         |    63 |    42 |   112 ||   217
       Stone Arrow       |       |    18 |    26 ||    44
       Petrify           |       |     4 |     3 ||     7
       Passwall          |       |       |     2 ||     2
  Use: Scroll            |     2 |     5 |     7 ||    14
       Potion            |       |       |     1 ||     1
 Stab: Petrified         |       |     4 |       ||     4
Armor: Robe              |     4 |     7 |    19 ||    30
Dodge: Dodged            |    16 |    27 |    63 ||   106
       Repelled          |       |       |     1 ||     1
Block: Buckler           |       |       |    16 ||    16
